 Dungeon Crawl Stone Soup version 0.17.0-24-gcfadda4 (webtiles) character file.

89 Raultor the Changer (level 4, -2/28 HPs)
             Began as an Octopode Transmuter on Nov 17, 2015.
             Killed by divine providence
             ... invoked by an orc priest
              (11 damage)
             ... on level 3 of the Dungeon.
             The game lasted 00:05:06 (2058 turns).

Raultor the Changer (Octopode Transmuter)           Turns: 2058, Time: 00:05:06

Health: -2/28      AC:  2    Str:  9    XL:     4   Next: 55%
Magic:  5/7        EV: 20    Int: 15    God:
Gold:   117        SH:  0    Dex: 18    Spells: 2 memorised, 3 levels left

rFire  . . .     SeeInvis .       - Unarmed
rCold  . . .     Clarity  .     (shield currently unavailable)
rNeg   . . .     SustAt   .     (helmet currently unavailable)
rPois  x         Gourm    .     (no amulet)
rElec  .         Spirit   .     (no ring)
rCorr  .         Warding  .     (no ring)
rMut   .         Stasis   .     (no ring)
MR     .....                    (no ring)
Stlth  ++........               (no ring)
                                (no ring)
                                (no ring)
                                (no ring)

@: spider-form (expiring), not resistant to hostile enchantments, unstealthy
A: almost no armour, amphibious, 8 rings, (constrict 8), (camouflage 0),
(gelatinous body 0)
a: End Transformation


You were on level 3 of the Dungeon.
You were hungry.
You were a venomous arachnid creature.
You visited 1 branch of the dungeon, and saw 3 of its levels.

You collected 117 gold pieces.

Inventory:

Hand Weapons
 d - a +0 short sword of speed (melded)
Missiles
 a - 12 arrows
Scrolls
 e - a scroll of remove curse {unknown}
 f - a scroll of immolation {unknown}
 i - a scroll of identify {unknown}
 j - a scroll of teleportation {unknown}
 k - 2 scrolls of amnesia {unknown}
 r - a scroll of fog {unknown}
Potions
 g - a potion of degeneration {unknown}
 h - 2 potions of flight {unknown}
 l - a potion of ambrosia {unknown}
 m - 2 potions of curing {unknown}
 o - 2 potions of lignification {unknown}
 q - a potion of brilliance {unknown}
Books
 b - a book of Changes

   Spells                             Type                      Level
   a - Beastly Appendage              Transmutation                1
   b - Sticks to Snakes               Transmutation                2
   c - Spider Form                    Transmutation/Poison         3
   d - Ice Form                       Ice/Transmutation            4
   e - Blade Hands                    Transmutation                5
Comestibles
 c - a bread ration
 n - a meat ration


   Skills:
 - Level 1.0 Fighting
 - Level 2.0 Dodging
 - Level 3.0 Unarmed Combat
 - Level 2.0 Spellcasting
 + Level 4.2 Transmutations
 + Level 2.0 Poison Magic


You had 3 spell levels left.
You knew the following spells:

 Your Spells              Type           Power        Failure   Level  Hunger
a - Beastly Appendage     Trmt           ##....       14%         1    #......
b - Spider Form           Trmt/Pois      ##........   41%         3    ###....


Dungeon Overview and Level Annotations

Branches:
Dungeon (3/15)

Altars:

Annotations:
D:2 Sigmund
D:3 Uberwunderbarhen's ghost, amateur OpFi


Innate Abilities, Weirdness & Mutations

You cannot wear most types of armour.
You are amphibious.
You can wear up to eight rings at the same time.
((You can use your tentacles to constrict eight enemies at once.))
((Your skin changes colour to match your surroundings (Stealth).))
((Your rubbery body absorbs attacks (AC +1).))


Message History

Casting: Spider Form
Confirm with . or Enter, or press ? or * to list all spells.
Okay, then.
Casting: Spider Form
Confirm with . or Enter, or press ? or * to list all spells.
Okay, then.
Casting: Spider Form
Confirm with . or Enter, or press ? or * to list all spells.
You turn into a venomous arachnid creature.
Your +0 short sword of speed melds into your body.
You lose your grip on the orc.
An orc comes into view.
The orc priest casts a cantrip, but nothing happens.
You see here a chunk of flesh.
The orc barely misses you.
Your transformation is almost over.
The orc priest miscasts a cantrip.
The orc priest mumbles some strange prayers to Beogh against you.
Something smites you!
You die...

.....# #.###.##.##.### ......
#..##.##.##..## # # ##.##.
#.##.... #. #.##. #......#
#.####..#<##..#...#
#.............#...#
##########................ ####
#.....o.##.#######........
.....###.#...#..s.##...##...#.#.#
.........o..oo....#.....#...#.#.#
.....##.o#..##.#........#..##.#.#
.... ##..#....#..#.....#........
... #).#..#.##.##...##......## ..
#.......##.#######........ .
#.......##..............#.
#.......#####.##.##.###.#. ..
#.......#####.##..#.# #.#.


You could see an orc priest and 3 orcs.

Vanquished Creatures
  4 adders
  A worm (D:2)
  A ball python (D:3)
  8 bats
  A giant cockroach (D:1)
  7 goblins
  9 hobgoblins
  9 kobolds
  A quokka (D:2)
  4 giant newts
  5 rats
50 creatures vanquished.

Notes
Turn   | Place    | Note
--------------------------------------------------------------
     0 | D:1      | Raultor the Octopode Transmuter began the quest for the Orb.
     0 | D:1      | Reached XP level 1. HP: 13/13 MP: 3/3
     2 | D:1      | Noticed a tengu
     4 | D:1      | Noticed a felid
     4 | D:1      | Noticed a spriggan
     6 | D:1      | Noticed a human
     8 | D:1      | Noticed a ghoul
    10 | D:1      | Noticed a demonspawn
    10 | D:1      | Noticed a merfolk
    12 | D:1      | Noticed a draconian
    12 | D:1      | Noticed a gargoyle
    14 | D:1      | Noticed a demigod
    14 | D:1      | Noticed a vampire
    16 | D:1      | Noticed a dwarf
    16 | D:1      | Noticed an ogre
    18 | D:1      | Noticed a minotaur
    18 | D:1      | Noticed a troll
    22 | D:1      | Noticed a formicid
    22 | D:1      | Noticed a vine stalker
    24 | D:1      | Noticed an octopode
    24 | D:1      | Noticed a centaur
    26 | D:1      | Noticed a naga
    26 | D:1      | Noticed an elf
   269 | D:1      | Reached XP level 2. HP: 16/18 MP: 5/5
   847 | D:1      | Reached XP level 3. HP: 23/23 MP: 6/6
   852 | D:1      | Learned a level 3 spell: Spider Form
  1213 | D:2      | Found a faded altar to an unknown god.
  1373 | D:2      | Reached skill level 1 in Poison Magic
  1377 | D:2      | Reached XP level 4. HP: 24/28 MP: 7/7
  1440 | D:2      | Reached skill level 4 in Transmutations
  1600 | D:2      | Noticed Sigmund
  1710 | D:3      | Noticed Uberwunderbarhen's ghost (amateur OpFi)
  2058 | D:3      | Killed from afar by an orc priest

Action                   |  1- 3 |  4- 6 || total
-------------------------+-------+-------++-------
Melee: Unarmed           |    24 |       ||    24
       Short sword       |    42 |    28 ||    70
 Cast: Beastly Appendage |     1 |       ||     1
       Spider Form       |     1 |     1 ||     2
 Stab: Sleeping          |     6 |     6 ||    12
  Eat: Chunk             |     1 |     2 ||     3
